 Dungeon Crawl Stone Soup version 0.20-a0-920-gb18bc0f (webtiles) character file.

239 Goblin1989 the Twirler (level 6, -2/36 HPs)
             Began as a Kobold Gladiator on Mar 25, 2017.
             Slain by a worker ant (3 damage)
             ... on level 4 of the Dungeon.
             The game lasted 00:08:29 (4409 turns).

Goblin1989 the Twirler (Kobold Gladiator)           Turns: 4409, Time: 00:08:30

Health: -2/36      AC:  7    Str: 14    XL:     6   Next: 29%
Magic:  6/6        EV: 15    Int:  9    God:
Gold:   154        SH:  0    Dex: 16    Spells: 5/5 levels left

rFire    . . .     SeeInvis .   a - +0 quarterstaff
rCold    . . .     Gourm    .   (shield currently unavailable)
rNeg     . . .     Faith    .   t - +0 ring mail
rPois    .         Spirit   .   c - +0 helmet
rElec    .         Reflect  .   (no cloak)
rCorr    .         Harm     .   k - +0 pair of gloves
MR       .....                  (no boots)
Stlth    +.........             (no amulet)
Regen    0.2/turn               l - ring of flight
MPRegen  0.1/turn               (no ring)

@: very slightly contaminated, hasted, very quick
A: carnivore 3
a: Evoke Flight


You were on level 4 of the Dungeon.
You were completely stuffed.

You visited 1 branch of the dungeon, and saw 4 of its levels.

You collected 154 gold pieces.

Inventory:

Hand Weapons
 a - a +0 quarterstaff (weapon)
Missiles
 h - 3 needles of frenzy
 m - 69 stones (quivered)
 s - 13 bolts
 Z - 3 throwing nets {!d, =f}
Armour
 c - a +0 helmet (worn)
 k - a +0 pair of gloves (worn)
 t - a +0 ring mail (worn)
Jewellery
 l - a ring of flight (left hand)
Wands
 E - a wand of enslavement (16/24)
Scrolls
 d - 2 scrolls of immolation {unknown}
 e - 6 scrolls of remove curse {unknown}
 g - a scroll of enchant weapon {unknown}
 i - 6 scrolls of identify {unknown}
 j - 2 scrolls of teleportation {unknown}
 o - a scroll of enchant armour {unknown}
 q - 2 scrolls of recharging {unknown}
Potions
 n - a potion of brilliance {unknown}
 p - a potion of haste {@q3, !q}
Comestibles
 b - 2 chunks of flesh
 f - 3 meat rations {@e2}


   Skills:
 + Level 2.5 Fighting
 * Level 5.6 Staves
 - Level 2.1 Throwing
 + Level 0.8 Armour
 + Level 3.8 Dodging


You had 5 spell levels left.
You didn't know any spells.

Dungeon Overview and Level Annotations

Branches:
Dungeon (4/15)
 Temple: D:4-7

Altars:

Shops:
D:4 [


Innate Abilities, Weirdness & Mutations

You are small and have problems with some larger weapons.
You are carnivorous and can eat meat at any time.


Message History

The orc barely misses you.
You sock the orc!
You kill the orc!
No target in view!
No target in view!
No target in view!
No target in view!
No target in view!
No target in view!
No target in view!
No target in view!
No target in view!
No target in view!
No target in view!
No target in view!
No target in view!
No target in view!
No target in view!
No target in view!
No target in view!
You butcher the orc corpse.
b - 4 chunks of flesh
Things that are here:
a hand axe; an orc skeleton
Things that are here:
a hand axe; an orc skeleton Eating one of 4 chunks of flesh.
You eat one of the 4 chunks of flesh.
This raw flesh tastes great.
A quokka comes into view.
A quokka is nearby!
The quokka closely misses you. x2
You hit the quokka.
The quokka is heavily wounded.
The quokka bites you.
You take 4 damage, and have 32/36 hp.
You miss the quokka.
The quokka is heavily wounded.
The quokka closely misses you.
You thump the quokka!
You kill the quokka!
No target in view!
No target in view!
No target in view!
No target in view!
No target in view!
No target in view!
No target in view!
No target in view!
No target in view!
No target in view!
No target in view!
No target in view!
No target in view!
No target in view!
No target in view!
No target in view!
No target in view!
No target in view!
Eating one of 3 chunks of flesh.
You eat one of the 3 chunks of flesh.
This raw flesh tastes great.
e - 6 scrolls labeled NUTIEC ZEENI (gained 1)
A wyvern comes into view.
Health restored: 36 Unknown command.
A worker ant comes into view.
The worker ant twitches its antennae in your direction.
You closely miss the wyvern. The wyvern bites you! x2
* * * LOW HITPOINT WARNING * * *
You are too injured to fight recklessly!
You are too injured to fight recklessly!
You are too injured to fight recklessly!
You are too injured to fight recklessly!
You take 29 damage, and have 7/36 hp.
MASSIVE DAMAGE!!
You are too injured to fight recklessly!
You are too injured to fight recklessly!
You are too injured to fight recklessly!
You are too injured to fight recklessly!
You are too injured to fight recklessly!
You are too injured to fight recklessly!
You are too injured to fight recklessly!
You are too injured to fight recklessly!
You are too injured to fight recklessly!
You are too injured to fight recklessly!
You are too injured to fight recklessly!
You are too injured to fight recklessly!
You are too injured to fight recklessly!
You are too injured to fight recklessly!
You are too injured to fight recklessly!
You are too injured to fight recklessly!
You are too injured to fight recklessly!
You are too injured to fight recklessly!
You are too injured to fight recklessly!
Really quaff
p - 2 potions of haste {@q3, !q}?
You feel yourself speed up. The wyvern closely misses you.
The worker ant bites you but does no damage.
You are very lightly contaminated with residual magic.
You barely miss the wyvern. The wyvern bites you.
* * * LOW HITPOINT WARNING * * *
The worker ant bites you.
You die...

..........█...█
..........█...█.....█
.....████.█...█..$..█
...█..███.█...█.%Ψ).█
..███..██.█...█..[..█
.....█..█.█...█.....█...█
█..█.██...█...█.....█...█
██.█......█...██la.██...█
██.█.█....█....█@..█%...
██...██...██...█...█...█
█.......█..█......██...█
..██....██.█......█....█
..█████.█..█Ψ..████....█
..█ █....█████.......█
███ █.....█.........██
███ █.....█)........█
..█████.....██.......██


You could see a wyvern and a worker ant.

Vanquished Creatures
  A scorpion (D:4)
  4 gnolls
  4 adders
  An ooze (D:1)
  An adder skeleton (D:3)
  3 worms
  2 dart slugs (D:1)
  6 leopard geckos
  12 orcs
  3 ball pythons
  5 giant cockroaches
  7 hobgoblins
  3 quokkas
  4 bats
  3 frilled lizards
  7 goblins
  A jackal skeleton (D:3)
  8 kobolds
  6 rats
81 creatures vanquished.

Notes
Turn   | Place    | Note
-------+----------+-------------------------------------------
     0 | D:1      | Goblin1989 the Kobold Gladiator began the quest for the Orb.
     0 | D:1      | Reached XP level 1. HP: 12/12 MP: 1/1
   201 | D:1      | Reached skill level 3 in Staves
   215 | D:1      | Reached XP level 2. HP: 13/17 MP: 2/2
   651 | D:1      | Reached XP level 3. HP: 19/21 MP: 3/3
  1207 | D:2      | Reached skill level 4 in Staves
  1268 | D:1      | Reached XP level 4. HP: 18/26 MP: 4/4
  2316 | D:2      | Reached XP level 5. HP: 8/30 MP: 5/5
  2666 | D:2      | Reached skill level 5 in Staves
  3697 | D:3      | Reached XP level 6. HP: 20/36 MP: 6/6
  3932 | D:4      | Found Issoev's Armour Boutique.
  4404 | D:4      | Noticed a wyvern
  4409 | D:4      | HP: 1/36 [wyvern (6)]
  4409 | D:4      | Slain by a worker ant

Vault maps used:
D:1:      dpeg_arrival_central, minmay_distorted
D:3:      kennysheep_generic_room_13
D:4:      kennysheep_spiral_hall, serial_shops, shop

Skill      XL: |  1  2  3  4  5 |
---------------+----------------+-----
Staves         | 3 4 5 |  5.6
Fighting       | |  2.5
Throwing       | |  2.1
Armour         | |  0.8
Dodging        | |  3.8

Action                   |  1- 3 |  4- 6 || total
-------------------------+-------+-------++-------
Melee: Quarterstaff      |    88 |   223 ||   311
  Use: Potion            |       |     5 ||     5
 Stab: Sleeping          |     2 |     1 ||     3
  Eat: Chunk             |    10 |    10 ||    20
Armor: Leather armour    |    16 |    48 ||    64
       Ring mail         |       |     2 ||     2
Dodge: Dodged            |    68 |   159 ||   227

Vault maps used:
D:1:      dpeg_arrival_central, minmay_distorted
D:3:      kennysheep_generic_room_13
D:4:      kennysheep_spiral_hall, serial_shops, shop
